[Event "Early-Titled-Tuesday-Blitz-February-13-2024"]
[Site "Chess.com"]
[Date "2024.02.13"]
[Round "6"]
[White "Grossboss19"]
[Black "temus_galaktionov"]
[Result "1/2-1/2"]
[WhiteElo "2607"]
[BlackElo "2884"]
[TimeControl "180+1"]
[EndTime "9:12:08 PST"]
[Termination "Game drawn - insufficient material"]

1. e4 c6 2. Nf3 g6 3. d3 Bg7 4.
Be2 d6 5. O-O Nd7 6. c3 Ngf6 7.
Ne1 e5 8. f4 d5 9. fxe5 Nxe5 10.
d4 Ned7 11. e5 Ne4 12. Nd2 Nxd2 13. Bxd2 O-O 14. Nd3 f6 15. exf6 Nxf6 16. Bf4 Bf5 17. Be5 Qe7 18. Bf3 Rae8 19. Qd2 Be4 20. Rae1 Bxf3 21.
gxf3 Qd7 22. Qg5 b6 23. Kg2 Re7 24. Bg3 Rfe8 25. Rxe7 Rxe7 26. Ne5 Qe6 27. Re1 Re8 28. Nxg6 Qd7 29. Ne5 Qc8 30. Bh4 Nd7 31. Ng4 Rxe1 32.
Bxe1 Nf8 33. Nh6+ Kh8 34. Nf5 Ng6 35. Bg3 Qe6 36. Qd8+ Nf8 37. Nxg7 Kxg7 38. Be5+ Kf7 39. Qc7+ Qd7 40. Kg3 Qxc7 41. Bxc7 Kg6 42. Bb8 a6 43.
Kf4 Kf6 44. Kg4 Kg6 45. f4 h5+ 46. Kh4 Ne6 47. f5+ Kxf5 48. Kxh5 c5 49. dxc5 bxc5 50. Bd6 d4 51. cxd4 cxd4 52. Bb4 d3 53. Kh4 Kf4 54. a4 Nd4 55. Bc3 Nf3+ 56. Kh5 Nxh2 57.
b4 Ke4 58. b5 axb5 59. axb5 Kd5 60. b6 Kc6 61. Kg5 Kxb6 62. Kf4 Kc5 63. Ke3 Kc4 64.
Ba5 Ng4+ 65. Kd2 Ne5 66. Ke3 Nc6 67. Be1 Ne7 68. Kd2 Nd5 69. Bf2 Nb4 70. Bg1 Nc6 71.
Bf2 Na5 72. Kd1 Nb3 73. Be3 Kc3 74. Bg5 Kc4 75. Bf6 Kd5 76. Bg5 Ke4 77. Bf6 Nc5 78. Bg7 Nd7 79. Bh8 Nb6 80. Kd2 Nc4+ 81. Kd1 Ne3+ 82.
Kd2 Nf1+ 83. Kd1 Ke3 84. Bf6 Ng3 85. Bg5+ Kd4 86. Bf6+ Kc4 87. Be5 Ne4 88. Bh8 d2 89.
Kc2 Kd5 90. Bc3 Nxc3 91. Kxd2 1/2-1/2

[Event "Early-Titled-Tuesday-Blitz-February-13-2024"]
[Site "Chess.com"]
[Date "2024.02.13"]
[Round "6"]
[White "ActorXu"]
[Black "Rud_Makarian"]
[Result "0-1"]
[WhiteElo "2815"]
[BlackElo "3035"]
[TimeControl "180+1"]
[EndTime "9:12:09 PST"]
[Termination "Rud_Makarian won by checkmate"]

1. e4 c5 2. Nf3 d6 3. Bb5+ Nd7 4. d4 cxd4 5. Nxd4 Nf6 6. O-O a6 7. Bd3 b6 8. c4 Bb7 9. Nc3 e6 10. Re1 Be7 11. f3 O-O 12. Be3 Qc7 13. Rc1 Rac8 14.
Bf1 Rfe8 15. Qd2 Qb8 16. Qf2 Bd8 17. Kh1 Bc7 18. Qg1 h5 19. b4 Ne5 20. Nb3 h4 21.
Red1 h3 22. Bxb6 hxg2+ 23. Bxg2 Bxb6 24. Qxb6 Nxc4 25. Qf2 Ba8 26. Nd2 Qxb4 27. Nxc4 Rxc4 28. Ne2 Rxc1 29. Rxc1 e5 30. Ng3 d5 31. exd5 Bxd5 32.
Re1 Bxa2 33. Ra1 Bc4 34. Nf5 Be6 35. Ne3 a5 36. Qg3 Qd4 37. Qe1 a4 38. Nc2 Qb2 39.
Na3 e4 40. fxe4 Bd5 41. Qc1 Qxc1+ 42. Rxc1 Bxe4 43. Bxe4 Rxe4 44. Rc8+ Kh7 45. Ra8 g5 46. Kg2 Re2+ 47. Kf3 Rxh2 48. Rxa4 Rh3+ 49. Kg2 Rb3 50. Nc4 Kg7 51. Ra7 Ng4 52. Nd6 Nh6 53. Ra4 Kg6 54.
Ra6 Rb2+ 55. Kg3 Nf5+ 56. Kg4 Nxd6 57. Rxd6+ f6 58. Rd8 Rb4+ 59. Kg3 f5 60. Rd6+ Kf7 61.
Rc6 Rb3+ 62. Kf2 Rd3 63. Rb6 g4 64. Rc6 Rf3+ 65. Kg2 Re3 66. Rb6 Re6 67. Rb5 Kf6 68. Kg3 Re3+ 69. Kf2 Rf3+ 70. Kg2 Kg5 71. Rb8 Ra3 72.
Rc8 Ra2+ 73. Kg1 f4 74. Rc3 g3 75. Rb3 Kg4 76. Rb8 Ra1+ 77. Kg2 f3# 0-1

[Event "Early-Titled-Tuesday-Blitz-February-13-2024"]
[Site "Chess.com"]
[Date "2024.02.13"]
[Round "6"]
[White "santosalberto1987"]
[Black "Alen_Yeremyann"]
[Result "0-1"]
[WhiteElo "2571"]
[BlackElo "2793"]
[TimeControl "180+1"]
[EndTime "9:12:10 PST"]
[Termination "Alen_Yeremyann won on time"]

1. e4 c5 2. Nf3 Nc6 3. Nc3 e5 4.
Bc4 d6 5. d3 h6 6. Nd2 Be6 7.
Nf1 Nf6 8. Ne3 a6 9. a4 Be7 10. O-O O-O 11. Ned5 Rb8 12. f4 exf4 13. Bxf4 Ne5 14.
Bxe5 dxe5 15. Nxf6+ Bxf6 16. Bxe6 fxe6 17. a5 b5 18.
axb6 Qxb6 19. Na4 Qd6 20. b3 Bg5 21. Qe2 Rf4 22. g3 Rf6 23. Rxf6 Bxf6 24. Kg2 Qd4 25. Rf1 Rd8 26. Qg4 Kf7 27. Qh5+ Ke7 28. Qe2 Rh8 29. Nb6 h5 30. h3 h4 31. g4 Bg5 32. Qf2 Bf4 33. Qxd4 cxd4 34. Nc4 g5 35. Ra1 Rf8 36. Rxa6 Bg3 37. Ra7+ Kf6 38. Ra5 Kg7 39. Nxe5 Rf2+ 40. Kg1 Rxc2 41. Nf3 e5 42. Nxe5 Rc1+ 43. Kg2 Rc2+ 44.
Kf1 Rd2 45. Nc4 Rxd3 46. Rxg5+ Kh7 47. Rd5 Rf3+ 48. Ke2 Rxb3 49. Rxd4 Rc3 50. Ne3 Be5 51.
Rd3 Rc5 52. Nf5 Bf6 53. Rd6 Bg5 54. Rd3 Rc2+ 55. Kd1 Rh2 56. e5 Rh1+ 57. Ke2 Rh2+ 58. Kd1 Rh1+ 59. Kc2 Re1 60. Rd5 Bf4 61. Kd3 Bxe5 62.
Nxh4 Bf4 63. Nf3 Re3+ 64. Kc2 Rxf3 65. Rd3 Rf2+ 66. Kb3 Kg6 67. Kc4 Kg5 68. Kd5 Re2 69. Rd4 Bg3 70. Rd3 Kh4 71. Kd4 Kxh3 72. g5 Re8 73.
Rb3 Kg4 74. Rb5 Bh4 75. Kd3 Bxg5 76. Rd5 Bf4 77. Rd4 Kf3 78. Rd7 Re1 79. Kc2 Be3 80.
Kb3 Ke4 81. Re7+ Kd3 82. Rd7+ Bd4 83. Ka2 Ra1+ 84. Kb3 Rb1+ 85. Ka2 Rb8 86. Rc7 Bc3 87. Rc6 Kc2 88. Ra6 Rb1 0-1

[Event "Early-Titled-Tuesday-Blitz-February-13-2024"]
[Site "Chess.com"]
[Date "2024.02.13"]
[Round "6"]
[White "HalfIsCrayfish"]
[Black "Al_Shima"]
[Result "0-1"]
[WhiteElo "2549"]
[BlackElo "2372"]
[TimeControl "180+1"]
[EndTime "9:12:18 PST"]
[Termination "Al_Shima won by checkmate"]

1. d4 Nf6 2. c4 e6 3. Nf3 d5 4. Nc3 b6 5. cxd5 exd5 6. Bf4 c6 7. e3 Bb7 8. Bd3 Bd6 9. Ne5 O-O 10. O-O Qe7 11. Qf3 Re8 12. Rfe1 Nbd7 13. e4 dxe4 14. Nxe4 Nxe4 15. Qxe4 Nf6 16. Qf5 Qe6 17. Qg5 h6 18. Qh4 Nd5 19. Bg3 Qf6 20. Qxf6 Nxf6 21. Nc4 Bxg3 22.
hxg3 Rad8 23. Rxe8+ Rxe8 24. Nd6 Re7 25. Nxb7 Rxb7 26. Bc4 Rd7 27. Rd1 Kf8 28. a3 Ne8 29. Kf1 Nd6 30. Ba2 Nb5 31. d5 Nc7 32. Ke2 cxd5 33.
Rc1 Ke7 34. Rc6 Ne6 35. Rc1 Nc5 36. b4 Ne6 37. Kd3 Kd6 38. Re1 Rc7 39. Rd1 Rd7 40. Bb3 Nc7 41. Rc1 Ne6 42. Kd2 Ke5 43. Kd3 Kd6 44.
Re1 Nc7 45. Rc1 a5 46. bxa5 bxa5 47. Ba4 Re7 48. Rb1 Ne6 49. Rb6+ Ke5 50. f4+ Kf5 51. Ke3 Nc5+ 52. Kf3 Nxa4 53. Rb5 Nc3 54. Rc5 Ne4 55. Rxd5+ Kf6 56. Rxa5 g5 57. f5 Nd6 58. g4 Rd7 59. Ra6 Ke7 60. a4 Ne8 61. a5 Nc7 62.
Rxh6 Rd5 63. a6 Ra5 64. Rc6 Nxa6 65. f6+ Kd7 66. Rc1 Ke6 67. Rc6+ Ke5 68. Kg3 Ra3+ 69.
Kf2 Kf4 70. Rc4+ Ke5 71. Rc6 Ra4 72. Kg3 Nb4 73. Rc7 Kxf6 74. Rc5 Nd3 75. Rf5+ Kg6 76. Kf3 Ra3 77. Ke2 Nf4+ 78. Kf2 Ra2+ 79. Kf3 Rxg2 80.
Rxf4 gxf4 81. Kxg2 Kg5 82. Kf3 f6 83. Kf2 Kxg4 84.
Kg2 f3+ 85. Kf2 Kf4 86. Kf1 Ke3 87. Ke1 f2+ 88. Kf1 f5 89. Kg2 Ke2 90. Kg3 f1=Q 91. Kh4 Qg2 92. Kh5 f4 93. Kh4 f3 94. Kh5 f2 95. Kh4 f1=Q 96. Kh5 Qfh1# 0-1

[Event "Early-Titled-Tuesday-Blitz-February-13-2024"]
[Site "Chess.com"]
[Date "2024.02.13"]
[Round "6"]
[White "CFN_Good_Evening"]
[Black "Suleyman_Chess06"]
[Result "0-1"]
[WhiteElo "2083"]
[BlackElo "2768"]
[TimeControl "180+1"]
[EndTime "9:12:27 PST"]
[Termination "Suleyman_Chess06 won by resignation"]

1. e4 e6 2. d3 d5 3. Nd2 c5 4. g3 Nc6 5. Bg2 g6 6. Ngf3 Bg7 7.
O-O Nf6 8. Re1 O-O 9. c3 b5 10.
e5 Nd7 11. d4 b4 12. Nb3 c4 13. Nbd2 bxc3 14. bxc3 Qa5 15. Qc2 Nb6 16. a4 Bd7 17. Ba3 Rfc8 18. Reb1 Qxa4 19. Qc1 Qa6 20. Bf8 Qb7 21.
Bxg7 Kxg7 22. Nf1 Qc7 23. h4 h6 24. h5 Ne7 25. N1h2 Bc6 26. Ng4 Rh8 27. Nh4 Nd7 28.
hxg6 Nxg6 29. Nf3 h5 30. Ne3 a5 31. Ng5 Qd8 32. f4 h4 33. Qe1 Qe7 34. Ng4 Rh5 35. Bf3 Rxg5 36. fxg5 Qxg5 37. Qe3 Qxe3+ 38. Nxe3 hxg3 39. Ng2 a4 40. Bh5 Ndf8 41. Bxg6 Nxg6 42. Rb6 Be8 43. Rb4 a3 44. Ra2 Kf8 45. Rb1 Ra7 46. Rba1 Rb7 47. Rxa3 Rb2 48. R3a2 Rb3 49. Rc2 Ba4 50.
Rcc1 Be8 51. Rc2 Ne7 52. Ne3 Ng6 53. Kg2 Ke7 54. Kxg3 Bd7 55. Kf3 Nh4+ 56. Kf4 Ng6+ 57. Kg5 Rb8 58. Ra7 Rg8 59. Kh5 Nf4+ 60. Kh4 Ng6+ 61. Kh3 Nf4+ 62. Kh2 Rh8+ 63. Kg1 Rg8+ 64. Kf1 Rg3 65. Nd1 Nd3 66. Rg2 Rf3+ 67. Ke2 Rh3 68.
Kd2 Nf4 69. Rf2 Ng6 70. Ne3 Nh4 71. Nc2 Nf3+ 72. Kc1 Ng5 73. Re2 Rxc3 74. Re3 Rxe3 75. Nxe3 Ne4 76. Kc2 Kd8 77. Nd1 Be8 78. Nc3 Ng5 79.
Kb2 Nf3 80. Ka3 Nxd4 81. Kb4 Nc6+ 82. Kc5 Nxa7 0-1

[Event "Early-Titled-Tuesday-Blitz-February-13-2024"]
[Site "Chess.com"]
[Date "2024.02.13"]
[Round "6"]
[White "DIMONBANAN"]
[Black "eagleclaw07"]
[Result "0-1"]
[WhiteElo "2572"]
[BlackElo "2801"]
[TimeControl "180+1"]
[EndTime "9:12:27 PST"]
[Termination "eagleclaw07 won by resignation"]

1. e4 Nf6 2. e5 Nd5 3. c4 Nb6 4. d4 d6 5. exd6 exd6 6. Nc3 Be7 7. Bd3 Nc6 8. Be3 O-O 9. h3 Nb4 10. Be2 Bf5 11. Rc1 d5 12. b3 Bg5 13. Nf3 Bxe3 14.
fxe3 dxc4 15. bxc4 Qe7 16. a3 Nc2+ 17. Rxc2 Bxc2 18.
Qxc2 Qxe3 19. Qd3 Qc1+ 20. Nd1 Rfe8 21. O-O Rad8 22. Nc3 Qe3+ 23. Qxe3 Rxe3 24. Rc1 c6 25. Ne5 Rxd4 26. Nf3 Rd8 27. Kf2 Re7 28. Rb1 g6 29. c5 Nd5 30. Nxd5 Rxd5 31. Rc1 Kg7 32. Rc4 f5 33. Ra4 a6 34. Rc4 Kf6 35. Bf1 Re4 36. Rc3 Ra4 37. Rb3 Rd7 38. Be2 Re4 39. Rc3 g5 40.
Bd3 Ree7 41. g4 f4 42. Bf5 Rd5 43. h4 h6 44. hxg5+ hxg5 45. Rc1 Re3 46. Rh1 Rxc5 47. Rh6+ Ke7 48. Nxg5 Rb5 49. Re6+ Rxe6 50. Nxe6 Rb2+ 51. Kf3 Rb3+ 52. Kxf4 Rxa3 53. g5 Ra4+ 54. Ke5 Ra5+ 55. Ke4 Rd5 56. Nf4 Rd1 57. g6 Kf6 58.
Nh5+ Ke7 59. g7 Rg1 60. Bh7 Kf7 61. g8=Q+ Rxg8 62. Bxg8+ Kxg8 63. Nf4 Kf7 64. Kd4 b6 65. Kc4 Ke7 66. Ng6+ Kd6 67. Nf4 Ke5 68. Nd3+ Kd6 69. Nb4 b5+ 70. Kb3 a5 71. Nc2 c5 72. Na3 Kc6 73. Nc2 c4+ 74. Kc3 Kc5 75. Ne3 b4+ 76.
Kc2 Kd4 77. Nf5+ Ke5 78. Ne3 Kd4 79. Nf5+ Ke4 80. Nd6+ Kd5 81. Nf5 a4 82. Ne3+ Kd4 83. Nf5+ Ke4 84. Ng3+ Kd5 85. Ne2 Ke4 86. Ng3+ Kf4 87.
Ne2+ Ke3 88. Nc1 a3 89. Na2 b3+ 90. Kb1 bxa2+ 91. Kxa2 Kd2 92. Kb1 c3 93. Ka1 c2 94.
Ka2 c1=Q 95. Kb3 Qb2+ 96. Ka4 a2 0-1

[Event "Early-Titled-Tuesday-Blitz-February-13-2024"]
[Site "Chess.com"]
[Date "2024.02.13"]
[Round "6"]
[White "jcibarra"]
[Black "Gabrielian_Artur"]
[Result "0-1"]
[WhiteElo "2953"]
[BlackElo "2804"]
[TimeControl "180+1"]
[EndTime "9:13:01 PST"]
[Termination "Gabrielian_Artur won on time"]

1. e4 c5 2. Nf3 d6 3. d4 cxd4 4. Nxd4 Nf6 5. Nc3 Nc6 6. Nd5 Nxd5 7. exd5 Qa5+ 8. Bd2 Qxd5 9. Nb5 Qe6+ 10. Be2 Qd7 11.
c4 a6 12. Nc3 e6 13. O-O Be7 14. Be3 O-O 15. Qd2 Qc7 16. Rac1 Bd7 17. f4 Rac8 18.
f5 Ne5 19. b3 Bc6 20. Rf2 Qd7 21. Rcf1 Bf6 22. a4 d5 23. fxe6 fxe6 24. cxd5 exd5 25. Bd4 Qe6 26. h3 Rce8 27. Rf5 Nd7 28. Bg4 Bxd4+ 29.
Qxd4 Rxf5 30. Rxf5 Nf6 31. Rf3 Qe1+ 32. Kh2 Qe5+ 33. Qxe5 Rxe5 34. Rd3 h5 35. Bf3 g5 36. Kg3 Kf7 37. b4 g4 38. hxg4 hxg4 39. Bd1 d4 40. Ne2 Ne4+ 41. Kf4 Kf6 42. Nxd4 Nf2 43. Rd2 Re4+ 44.
Kg3 Nh1+ 45. Kh4 g3+ 46. Bg4 Nf2 47. Kxg3 Nxg4 48. Nxc6 bxc6 49. Rd6+ Ke5 50. Rxc6 Rxb4 51. Rxa6 Nf6 52. Ra5+ Ke6 53. Ra6+ Ke5 54. Ra8 Ne4+ 55.
Kf3 Rb3+ 56. Ke2 Rb2+ 57. Ke3 Rb3+ 58. Ke2 Nd6 59. a5 Ke4 60. Kd2 Kd4 61. Kc2 Rg3 62.
a6 Kc5 63. a7 Ra3 64. Kb2 Ra6 65. g4 Kc6 66. g5 Kb7 67. Rd8 Kxa7 68. g6 Nf5 69.
Rd7+ Kb8 70. Rf7 Nh6 71. Rf8+ Kc7 72. g7 Rg6 73. g8=Q Nxg8 74. Rf7+ Kd6 75. Kc3 Ne7 76. Kd2 Rg5 77. Rf8 Nd5 78. Rd8+ Ke5 79. Re8+ Kd4 80.
Rd8 Rg2+ 81. Ke1 Ke4 82. Re8+ Kd3 83. Rd8 Rg5 84. Ra8 Rf5 85. Rd8 Re5+ 86. Kd1 Rg5 87. Ke1 Kd4 88. Ke2 Rf5 89. Rd7 Rf6 90. Rd8 Ke4 91. Re8+ Kd4 92. Rd8 Ra6 93. Rd7 Ra3 94. Kd1 Ke4 95. Rd8 Nf6 96. Rd6 Ke5 97. Rd8 Ne4 98. Re8+ Kf4 99. Ke2 Re3+ 100. Kf1 Ng3+ 101.
Kg2 Rxe8 0-1

[Event "Early-Titled-Tuesday-Blitz-February-13-2024"]
[Site "Chess.com"]
[Date "2024.02.13"]
[Round "7"]
[White "MrChessSponge"]
[Black "mertfelin"]
[Result "0-1"]
[WhiteElo "2512"]
[BlackElo "2334"]
[TimeControl "180+1"]
[EndTime "9:14:37 PST"]
[Termination "mertfelin won by resignation"]

1. d4 d5 2. c4 e6 3. Nf3 Nf6 4. g3 Be7 5. Bg2 O-O 6. O-O dxc4 7. Qc2 b5 8. a4 b4 9. Qxc4 Ba6 10. Qc2 Nbd7 11. Rd1 c5 12. dxc5 Bxc5 13. Ne5 Rc8 14. Nxd7 Bxf2+ 0-1

[Event "Early-Titled-Tuesday-Blitz-February-13-2024"]
[Site "Chess.com"]
[Date "2024.02.13"]
[Round "7"]
[White "Caroexpert"]
[Black "The_Straightforward_Rook"]
[Result "1-0"]
[WhiteElo "2548"]
[BlackElo "2426"]
[TimeControl "180+1"]
[EndTime "9:14:57 PST"]
[Termination "Caroexpert won by resignation"]

1. d4 d5 2. Nf3 Nf6 3. c4 c6 4. cxd5 cxd5 5. Nc3 Nc6 6. Bf4 Bf5 7. e3 e6 8. Qb3 Na5 9. Qa4+ Nc6 10. Ne5 Rc8 11.
Nxc6 bxc6 12. Ba6 Be7 13. Bxc8 Qxc8 14. O-O O-O 15. Rfc1 1-0

[Event "Early-Titled-Tuesday-Blitz-February-13-2024"]
[Site "Chess.com"]
[Date "2024.02.13"]
[Round "7"]
[White "atomicmate123"]
[Black "UnTucopalaTimba"]
[Result "1-0"]
[WhiteElo "2354"]
[BlackElo "1982"]
[TimeControl "180+1"]
[EndTime "9:15:35 PST"]
[Termination "atomicmate123 won by resignation"]

1. e4 c6 2. d4 d5 3. exd5 cxd5 4. Bf4 Nc6 5. c3 Nf6 6. Bd3 Bg4 7. Qb3 Qc8 8. Nd2 e6 9. Ngf3 Be7 10. O-O O-O 11.
Rfe1 Re8 12. Ne5 Bh5 13. Ndf3 Nxe5 14. Nxe5 Nd7 15. Nxd7 Qxd7 16. Bb5 Qc8 17. Bxe8 Qxe8 18. Qxb7 1-0

[Event "Early-Titled-Tuesday-Blitz-February-13-2024"]
[Site "Chess.com"]
[Date "2024.02.13"]
[Round "7"]
[White "kidagent"]
[Black "SmirnovTimofey2000"]
[Result "1-0"]
[WhiteElo "2340"]
[BlackElo "1986"]
[TimeControl "180+1"]
[EndTime "9:16:08 PST"]
[Termination "kidagent won by resignation"]

1. c4 c6 2. g3 d5 3. Bg2 Nf6 4. Nf3 e6 5. b3 Be7 6. O-O O-O 7.
Bb2 Nbd7 8. d3 a5 9. Nbd2 Re8 10. Qc2 b6 11. e4 dxe4 12. dxe4 Bb7 13. e5 Nh5 14.
Rad1 g6 15. Ne4 Ng7 16. Rd2 Bb4 17. Rxd7 Qc8 18. Nf6+ 1-0

[Event "Early-Titled-Tuesday-Blitz-February-13-2024"]
[Site "Chess.com"]
[Date "2024.02.13"]
[Round "7"]
[White "johnmez"]
[Black "HelvertHernandez"]
[Result "1-0"]
[WhiteElo "2280"]
[BlackElo "1962"]
[TimeControl "180+1"]
[EndTime "9:16:09 PST"]
[Termination "johnmez won by checkmate"]

1. d4 Nf6 2. c4 e6 3. Nc3 d5 4.
cxd5 exd5 5. Bg5 c6 6. e3 Be7 7. Bd3 O-O 8. h3 Re8 9. Nf3 Ne4 10. Bf4 Bb4 11. Qc2 Qa5 12. O-O Nxc3 13. bxc3 Bxc3 14. Rac1 Bb4 15. Bxh7+ Kh8 16. Ng5 Qc7 17. Bxc7 Na6 18. Nxf7# 1-0

[Event "Early-Titled-Tuesday-Blitz-February-13-2024"]
[Site "Chess.com"]
[Date "2024.02.13"]
[Round "7"]
[White "temus_galaktionov"]
[Black "valorant64"]
[Result "1/2-1/2"]
[WhiteElo "2879"]
[BlackElo "2623"]
[TimeControl "180+1"]
[EndTime "9:16:33 PST"]
[Termination "Game drawn by agreement"]

1. d4 d5 2. Nf3 Bf5 3. c4 e6 4.
Nc3 c6 5. Bg5 Be7 6. Bxe7 Qxe7 7. e3 Nf6 8. Bd3 Bxd3 9. Qxd3 Nbd7 10. O-O O-O 11. e4 dxe4 12. Nxe4 Nxe4 13. Qxe4 Rad8 14.
Rfd1 Nf6 15. Qe5 Nd7 16. Qa5 a6 17. Qc7 Rb8 18. Ne5 Rfd8 19. a4 Qe8 20. h3 Nxe5 21. dxe5 Rdc8 22. Qb6 c5 23. Rd6 h6 24. a5 Qe7 25. Rad1 Qg5 26. Rd7 Qxe5 27. Rxb7 Rxb7 28. Qxb7 Rb8 29. Qxa6 Rxb2 30. Qa8+ Kh7 31. Qf3 Ra2 32. Qxf7 Rxa5 33. g4 Ra1 34. Rxa1 Qxa1+ 35. Kg2 Qe5 36.
Qf3 Qd4 37. Qe2 e5 38. f3 Kg6 39. Qe4+ Qxe4 40. fxe4 Kg5 41. Kg3 g6 42. h4+ Kf6 43. Kf3 Ke6 44. Ke3 Kd6 45. Kd3 Kc6 46. Kc3 Kb6 47.
Kb3 Ka5 48. Ka3 Kb6 1/2-1/2

[Event "Early-Titled-Tuesday-Blitz-February-13-2024"]
[Site "Chess.com"]
[Date "2024.02.13"]
[Round "7"]
[White "Chessdude1987"]
[Black "amiqu"]
[Result "1-0"]
[WhiteElo "2378"]
[BlackElo "2066"]
[TimeControl "180+1"]
[EndTime "9:16:42 PST"]
[Termination "Chessdude1987 won by checkmate"]

1. e4 e5 2. Nf3 Nc6 3. d4 exd4 4. Nxd4 Nf6 5. Nc3 Bb4 6. Nxc6 bxc6 7. Bd3 d5 8. exd5 cxd5 9. O-O O-O 10. h3 c6 11. Qf3 h6 12. Bf4 Re8 13. Ne2 Bd6 14. Ng3 Rb8 15. b3 Rb4 16. c4 Qc7 17. Bxh6 Be5 18. Rae1 gxh6 19. Qxf6 Bxf6 20. Rxe8+ Kg7 21.
Nh5# 1-0

[Event "Early-Titled-Tuesday-Blitz-February-13-2024"]
[Site "Chess.com"]
[Date "2024.02.13"]
[Round "7"]
[White "MarcoRiehle"]
[Black "jefferyx"]
[Result "0-1"]
[WhiteElo "2870"]
[BlackElo "3019"]
[TimeControl "180+1"]
[EndTime "9:16:43 PST"]
[Termination "jefferyx won by resignation"]

1. e4 c5 2. a3 g6 3. h4 h6 4. h5 g5 5. Nc3 Bg7 6. Bc4 Nc6 7. d3 e6 8. f4 gxf4 9. Bxf4 Be5 10. Qd2 Bxf4 11. Qxf4 Qg5 12. Qf2 d6 13.
Nf3 Qf6 14. O-O-O a6 15. Rhf1 Nge7 16. Qe3 Ne5 17. d4 Nxc4 18. Qe2 b5 19. e5 Qf4+ 20. Kb1 Qe3 21. exd6 Qxe2 22. Nxe2 Nxd6 23. dxc5 Nc4 24. Rfe1 Bb7 25. Nc3 Rc8 26. b4 Nxa3+ 27. Ka2 Nxc2 0-1

[Event "Early-Titled-Tuesday-Blitz-February-13-2024"]
[Site "Chess.com"]
[Date "2024.02.13"]
[Round "7"]
[White "Zampronha1971"]
[Black "ChessBliss09"]
[Result "1-0"]
[WhiteElo "2314"]
[BlackElo "2125"]
[TimeControl "180+1"]
[EndTime "9:16:50 PST"]
[Termination "Zampronha1971 won by checkmate"]

1. e4 e5 2. Nf3 Nc6 3. d4 exd4 4. Nxd4 Bc5 5. Be3 Bb6 6. Nc3 d6 7. Qd2 Nf6 8. f3 O-O 9. O-O-O a5 10. g4 a4 11. g5 Nd7 12. Nd5 Bxd4 13. Bxd4 Nxd4 14.
Qxd4 Qxg5+ 15. f4 Qd8 16. Rg1 f6 17. Bc4 Kh8 18. a3 Nc5 19. f5 Re8 20. Rg4 c6 21. Nf4 Nxe4 22. Ng6+ hxg6 23. Rh4# 1-0

[Event "Early-Titled-Tuesday-Blitz-February-13-2024"]
[Site "Chess.com"]
[Date "2024.02.13"]
[Round "7"]
[White "Kopytkin"]
[Black "Nellichka"]
[Result "1-0"]
[WhiteElo "2381"]
[BlackElo "2077"]
[TimeControl "180+1"]
[EndTime "9:16:54 PST"]
[Termination "Kopytkin won by resignation"]

1. d4 g6 2. Bg5 Bg7 3. Nf3 c5 4. e3 Qb6 5. Nc3 cxd4 6. exd4 d6 7. Bc4 Bf5 8. O-O Nf6 9. Bxf6 Bxf6 10. Nd5 Qxb2 11.
Nc7+ Kd8 12. Nxa8 Bxc2 13. Qd2 Nc6 14. Rac1 1-0

[Event "Early-Titled-Tuesday-Blitz-February-13-2024"]
[Site "Chess.com"]
[Date "2024.02.13"]
[Round "7"]
[White "NastyaHn"]
[Black "Blitzking642"]
[Result "1-0"]
[WhiteElo "2406"]
[BlackElo "2525"]
[TimeControl "180+1"]
[EndTime "9:16:56 PST"]
[Termination "NastyaHn won by resignation"]

1. Nc3 e5 2. Nf3 Nc6 3. d4 exd4 4. Nxd4 Nf6 5. Bg5 Be7 6. Nf5 O-O 7. Nxe7+ Qxe7 8. Nd5 Qe5 9. Bxf6 gxf6 10. c3 b5 11. e3 b4 12. c4 Qxb2 13. Bd3 Qe5 14. O-O Bb7 15. f4 Qd6 16. Rf3 f5 17. Bxf5 Kh8 18.
Rh3 1-0

[Event "Early-Titled-Tuesday-Blitz-February-13-2024"]
[Site "Chess.com"]
[Date "2024.02.13"]
[Round "7"]
[White "agvania123"]
[Black "Lion-Al-Messi"]
[Result "0-1"]
[WhiteElo "2384"]
[BlackElo "2575"]
[TimeControl "180+1"]
[EndTime "9:16:57 PST"]
[Termination "Lion-Al-Messi won by checkmate"]

1. c4 c5 2. Nc3 Nc6 3. g3 g6 4.
Bg2 Bg7 5. e4 Nd4 6. d3 d6 7. h3 e6 8. Nge2 Ne7 9. O-O O-O 10.
f4 a6 11. Kh2 Rb8 12. a4 Qc7 13. Be3 Bd7 14. Ra3 Nec6 15. Qd2 f5 16. exf5 gxf5 17. Bf2 Rbe8 18. Nxd4 Nxd4 19. Ne2 Bc6 20. Nxd4 cxd4 21. b4 e5 22. fxe5 dxe5 23. b5 Bxg2 24.
Kxg2 e4 25. dxe4 fxe4 26. Bxd4 Rxf1 27. Bxg7 Rf3 28. Bb2 Qxg3+ 29. Kh1 Rf1# 0-1

[Event "Early-Titled-Tuesday-Blitz-February-13-2024"]
[Site "Chess.com"]
[Date "2024.02.13"]
[Round "7"]
[White "ExtremeLearner"]
[Black "Dinamo3"]
[Result "0-1"]
[WhiteElo "2372"]
[BlackElo "2534"]
[TimeControl "180+1"]
[EndTime "9:17:03 PST"]
[Termination "Dinamo3 won by resignation"]

1. d4 Nf6 2. c4 g6 3. Nc3 Bg7 4. e4 d6 5. Be2 O-O 6. Be3 e5 7. d5 a5 8. h4 Na6 9. h5 Nc5 10. h6 Bh8 11. f3 c6 12. b3 cxd5 13. cxd5 Bd7 14. Nh3 Nh5 15. Nf2 Ng3 16. Rh2 Nxe2 17. Qxe2 b5 18. Nxb5 Qb6 19. Na3 Qb4+ 0-1

[Event "Early-Titled-Tuesday-Blitz-February-13-2024"]
[Site "Chess.com"]
[Date "2024.02.13"]
[Round "7"]
[White "amylazy"]
[Black "DIMONBANAN"]
[Result "1-0"]
[WhiteElo "2466"]
[BlackElo "2561"]
[TimeControl "180+1"]
[EndTime "9:17:06 PST"]
[Termination "amylazy won by resignation"]

1. d4 d5 2. c4 e6 3. Nf3 Nf6 4. g3 dxc4 5. Bg2 c5 6. O-O Nc6 7. Qa4 Bd7 8. dxc5 Bxc5 9. Qxc4 Qe7 10. Nc3 a6 11. Bg5 b5 12. Qh4 O-O-O 13. Rac1 h6 14. Bxf6 gxf6 15. Ne4 Bb6 16. Nxf6 Kb8 17. Nxd7+ Qxd7 18. Qe4 Na5 19. Ne5 Qa7 20. b4 1-0

[Event "Early-Titled-Tuesday-Blitz-February-13-2024"]
[Site "Chess.com"]
[Date "2024.02.13"]
[Round "7"]
[White "SergioMoralesG"]
[Black "WiktoriaPOL"]
[Result "1-0"]
[WhiteElo "2497"]
[BlackElo "2282"]
[TimeControl "180+1"]
[EndTime "9:17:07 PST"]
[Termination "SergioMoralesG won by resignation"]

1. d4 Nf6 2. c4 g6 3. Nc3 Bg7 4. e4 d6 5. Nf3 O-O 6. Be2 e5 7. Be3 Nc6 8. d5 Ne7 9. Nd2 Nd7 10. b4 f5 11. f3 Nf6 12. c5 f4 13. Bf2 g5 14. Nc4 Ng6 15. cxd6 cxd6 16. Nb5 Ne8 17.
Nxa7 Bd7 18. Nb6 Rxa7 19. Nxd7 Ra3 20. Nxf8 Bxf8 21. Qc1 Nf6 22. Qxa3 1-0

[Event "Early-Titled-Tuesday-Blitz-February-13-2024"]
[Site "Chess.com"]
[Date "2024.02.13"]
[Round "7"]
[White "disciplinedbrat"]
[Black "miraitrunks"]
[Result "1-0"]
[WhiteElo "2493"]
[BlackElo "2193"]
[TimeControl "180+1"]
[EndTime "9:17:08 PST"]
[Termination "disciplinedbrat won by checkmate"]

1. e4 c5 2. Nf3 Nc6 3. d4 cxd4 4. Nxd4 g6 5. Nc3 Bg7 6. Be3 Nf6 7. Nxc6 bxc6 8. e5 Ng8 9. Bd4 e6 10. Ne4 Qa5+ 11. Bc3 Qd5 12. Nd6+ Kf8 13. Bc4 Qxg2 14. Rf1 Qxh2 15. Qf3 Nh6 16. Rh1 Ng4 17. Qxf7# 1-0

[Event "Early-Titled-Tuesday-Blitz-February-13-2024"]
[Site "Chess.com"]
[Date "2024.02.13"]
[Round "7"]
[White "ElephantChessGenius"]
[Black "TitarovVasiliYouTube"]
[Result "0-1"]
[WhiteElo "2298"]
[BlackElo "2524"]
[TimeControl "180+1"]
[EndTime "9:17:22 PST"]
[Termination "TitarovVasiliYouTube won by resignation"]

1. e4 Nf6 2. e5 Nd5 3. c4 Nb6 4. d4 d6 5. f4 dxe5 6. fxe5 Bf5 7. Nf3 e6 8. Nc3 Nc6 9. Be3 Be7 10. Be2 O-O 11. O-O f6 12. exf6 Bxf6 13. Qd2 Qe7 14. b3 Rad8 15. Rad1 h6 16. Qb2 e5 17. d5 Nd4 18.
Nxd4 exd4 19. Bxd4 Bxd4+ 20. Rxd4 Qe3+ 21. Kh1 Qxd4 22. Rd1 Qe5 23. Bf3 Nd7 24. Qd2 Nc5 25. Re1 Qf6 26. Nb5 Rd7 27. Nxa7 Be4 28. Rf1 Bxf3 29. Rxf3 Qa1+ 0-1

[Event "Early-Titled-Tuesday-Blitz-February-13-2024"]
[Site "Chess.com"]
[Date "2024.02.13"]
[Round "7"]
[White "ChessSkool"]
[Black "ilushka"]
[Result "1-0"]
[WhiteElo "2705"]
[BlackElo "2477"]
[TimeControl "180+1"]
[EndTime "9:17:29 PST"]
[Termination "ChessSkool won by resignation"]

1. d4 e6 2. Nf3 Nf6 3. Bf4 c5 4. e3 b6 5. Nc3 cxd4 6. exd4 d6 7. a4 a6 8. Bc4 Be7 9. O-O O-O 10. Re1 Bb7 11.
h3 Nbd7 12. Nd2 Qc7 13. Bf1 Rfc8 14. Nc4 Bf8 15. Qd3 Rab8 16. Qg3 Ne8 17. Rad1 Ndf6 18. a5 b5 19. Nb6 Rd8 20. Be2 b4 21. Nca4 Qxc2 22.
Bd3 Qb3 23. Bxh7+ 1-0